 Dungeon Crawl Stone Soup version 0.29-a0-555-g3b24f45cc1 (webtiles) character file.

Game seed: 8511140365066949270

375 Hubjo the Changer (level 6, -3/69 HPs)
             Began as a Demonspawn Transmuter on June 7, 2022.
             Was a Believer of Makhleb.
             Slain by a water moccasin (5 damage)
             ... on level 6 of the Dungeon.
             The game lasted 00:07:04 (4578 turns).

Hubjo the Changer (Demonspawn Transmuter)           Turns: 4578, Time: 00:07:05

Health: -3/69      AC: 23    Str:  9 (10) XL:     6   Next: 44%
Magic:  10/10      EV:  2    Int: 18 (20) God:    Makhleb [**....]
Gold:   89         SH:  0    Dex: 16      Spells: 6/11 levels left

rFire   . . .      SeeInvis +     - Unarmed
rCold   . . .      Faith    .   (no shield)
rNeg    . . .      Spirit   .   (body armour currently unavailable)
rPois   +          Reflect  .   (helmet currently unavailable)
rElec   .          Harm     .   (cloak currently unavailable)
rCorr   .          Rampage  .   (gloves currently unavailable)
Will    .....      NoTele   +   (boots currently unavailable)
Stlth   ++........              (no amulet)
HPRegen 0.21/turn               l - ring of see invisible
MPRegen 0.12/turn               m - +6 ring of intelligence

@: lethally poisoned (-3 -> -5), tree-form
A: stationary, stasis, torment immunity, boosted hp, foul stench 1, demonic
magic 2, (demonic touch 1)
a: Renounce Religion, Minor Destruction


You were on level 6 of the Dungeon.
You worshipped Makhleb.
Makhleb was pleased with you.
You were a tree.
You visited 1 branch of the dungeon, and saw 5 of its levels.

You collected 89 gold pieces.

Inventory:

Armour
 a - a +0 robe (melded)
 g - a +1 leather armour of poison resistance
Jewellery
 l - a ring of see invisible (left branch)
 m - a +6 ring of intelligence (right branch)
Wands
 d - a wand of acid (9)
 f - a wand of paralysis (7)
Scrolls
 e - a scroll of enchant weapon
 h - a scroll of enchant armour
 i - a scroll of amnesia
Potions
 b - a potion of lignification


   Skills:
 + Level 2.9 Fighting
 - Level 1.7 Dodging
 + Level 2.4 Stealth
 + Level 3.5 Unarmed Combat
 + Level 3.1 Spellcasting
 * Level 3.6 Transmutations
 + Level 0.6 Ice Magic


You had 6 spell levels left.
You knew the following spells:

 Your Spells              Type           Power      Damage    Failure   Level
a - Beastly Appendage     Tmut           32%        N/A       3%          1
b - Ice Form              Ice/Tmut       10%        N/A       54%         4

Your spell library contained the following spells:

 Spells                   Type           Power      Damage    Failure   Level
 Wereblood                Tmut           16%        N/A       5%          2
 Spider Form              Tmut/Pois      9%         N/A       22%         3


Dungeon Overview and Level Annotations

Branches:
Dungeon (4/15)
 Temple: D:4-7

Altars:
Cheibriados
Makhleb
Beogh

Shops:
D:2 =


Innate Abilities, Weirdness & Mutations

You are a tree.
Your roots penetrate the ground, keeping you stationary.
You cannot be teleported.
You are immune to unholy pain and torment.
Your maximum health is greatly increased.
Your equipment is partially melded.
You may rarely emit foul miasma when damaged in melee.
Spells you cast may paralyse nearby enemies.
((Your touch may inflict minor irresistible damage on your foes.))


Message History

* * * LOW HITPOINT WARNING * * *
You feel very sick.
The water moccasin bites you but does no damage.
You smack the water moccasin!
The water moccasin is almost dead.
* * * LOW HITPOINT WARNING * * *
You feel very sick.
The water moccasin bites you but does no damage. x2
Aiming: Minor Destruction (22% risk of failure)
Press: ? - help, Shift-Dir - straight line, f/p - water moccasin
Aim: a water moccasin (almost dead)
The water moccasin easily resists.
* * * LOW HITPOINT WARNING * * *
You feel sick.
The water moccasin bites you but does no damage.
Aiming: Minor Destruction (22% risk of failure)
Press: ? - help, Shift-Dir - straight line, f/p - water moccasin
Aim: a water moccasin (almost dead)
You fail to use your ability.
* * * LOW HITPOINT WARNING * * *
You feel sick.
The water moccasin bites you but does no damage.
Aiming: Minor Destruction (22% risk of failure)
Press: ? - help, Shift-Dir - straight line, f/p - water moccasin
Aim: a water moccasin (almost dead)
The zap hits the water moccasin.
The water moccasin is almost dead.
* * * LOW HITPOINT WARNING * * *
You feel sick.
The water moccasin bites you but does no damage. x2
You barely miss the water moccasin.
The water moccasin is almost dead.
* * * LOW HITPOINT WARNING * * *
You feel sick.
The water moccasin bites you but does no damage.
You closely miss the water moccasin.
The water moccasin is almost dead.
* * * LOW HITPOINT WARNING * * *
You feel sick. The water moccasin bites you.
You die...

########## #
#............
######.######.....
...........♣S'.....
.#......######.....
..#.###.# ... # ###
#


You could see a water moccasin.

Vanquished Creatures
  2 orc priests (D:3)
  Natasha (thrice) (D:4)
  3 orc wizards
  Ijyb (D:3)
  4 adders
  An ufetubus (D:6)
  5 dart slugs
  9 orcs
  3 ball pythons
  5 bats
  6 endoplasms
  3 giant cockroaches
  8 hobgoblins
  5 jackals
  6 kobolds
  2 quokkas
  3 frilled lizards
  10 goblins
  6 rats
85 creatures vanquished.

Notes
Turn   | Place    | Note
-------+----------+-------------------------------------------
     0 | D:1      | Hubjo the Demonspawn Transmuter began the quest for the
                  | Orb.
     0 | D:1      | Reached XP level 1. HP: 15/15 MP: 3/3
   619 | D:1      | Gained mutation: Spells you cast may paralyse adjacent
                  | enemies. [demonic ancestry]
   619 | D:1      | Reached XP level 2. HP: 21/21 MP: 3/5
  1434 | D:1      | Gained mutation: Spells you cast may paralyse nearby
                  | enemies. [demonic ancestry]
  1434 | D:1      | Reached XP level 3. HP: 24/27 MP: 6/6
  1463 | D:1      | Found a faded altar of an unknown god.
  1734 | D:1      | Prayed at the altar of an unknown god.
  1734 | D:1      | Became a worshipper of Makhleb the Destroyer
  1734 | D:1      | Reached * piety under Makhleb
  1889 | D:2      | Reached skill level 1 in Stealth
  2129 | D:2      | Found Cacats's Jewellery Shop.
  2567 | D:3      | Reached XP level 4. HP: 7/33 MP: 5/7
  3167 | D:3      | Reached ** piety under Makhleb
  3477 | D:3      | Found a snail-covered altar of Cheibriados.
  3500 | D:3      | Noticed Ijyb
  3513 | D:3      | Killed Ijyb
  3514 | D:3      | Gained mutation: Your touch may inflict minor irresistible
                  | damage on your foes. [demonic ancestry]
  3514 | D:3      | Reached XP level 5. HP: 9/39 MP: 9/9
  4266 | D:3      | Learned a level 4 spell: Ice Form
  4267 | D:4      | Noticed Natasha
  4284 | D:4      | Killed Natasha
  4285 | D:4      | Gained mutation: You may rarely emit foul miasma when
                  | damaged in melee. [demonic ancestry]
  4285 | D:4      | Reached XP level 6. HP: 46/46 MP: 10/10
  4290 | D:4      | Noticed Natasha
  4300 | D:4      | Killed Natasha
  4411 | D:4      | Noticed Natasha
  4419 | D:4      | Killed Natasha
  4547 | D:4      | You fall into a shaft and drop 2 floors!
  4559 | D:6      | Noticed a water moccasin
  4577 | D:6      | HP: 3/69 [poisoned by a water moccasin]
  4578 | D:6      | Slain by a water moccasin

Illustrated notes

Levels and vault maps discovered:
D:1:      lordsloth_arrival_two_stooges, layout_loops_ring,
          hellmonk_ecumenical_altar_defaced_shrine
D:2:      layout_basic, serial_shops, nicolae_shop_trees
D:3:      kennysheep_the_goblin_king, layout_loops_cross,
          mainiacjoe_overflow_paths, uniq_ijyb
D:4:      kennysheep_slugbush, layout_cave_pools, uniq_natasha
D:6:      layout_basic, grunt_ministairs_13, uniq_edmund

Skill      XL: |  1  2  3  4  5 |
---------------+----------------+-----
Transmutations | 2 3 |  3.6
Fighting       | 2 |  2.9
Stealth        | 1 2 |  2.4
Unarmed Combat | 3 |  3.5
Spellcasting   | 3 |  3.1
Dodging        | |  1.7
Ice Magic      | |  0.6

Action                   |  1- 3 |  4- 6 || total
-------------------------+-------+-------++-------
Melee: Unarmed           |   100 |   137 ||   237
       Kick              |    28 |    20 ||    48
       Headbutt          |     8 |    17 ||    25
       Punch             |     4 |     1 ||     5
       Touch             |       |     6 ||     6
 Cast: Beastly Appendage |    23 |    18 ||    41
Invok: Minor Destruction |       |     3 ||     3
  Use: Potion            |       |     8 ||     8
       Scroll            |       |     4 ||     4
 Stab: Sleeping          |     1 |     5 ||     6
       Paralysed         |     2 |     4 ||     6
Armor: Robe              |     9 |    14 ||    23
       Skin              |       |    98 ||    98
Dodge: Dodged            |    66 |    69 ||   135

Table legend: (Time is in decaauts)
 A = Elapsed time spent in this place.
 B = Non-inter-level travel time spent in this place.
 C = Inter-level travel time spent in this place.
 D = Time resting spent in this place.
 E = Time spent auto-exploring this place.
 F = Levels seen in this place.
 G = Mean time per level.
                   A        B        C        D        E       F      G
               +--------+--------+--------+--------+--------+-----+--------+
         Total |   4598 |   4236 |    362 |    257 |   3417 |   5 |  919.6 |
       Dungeon |   4598 |   4236 |    362 |    257 |   3417 |   5 |  919.6 |
               +--------+--------+--------+--------+--------+-----+--------+

Top non-repeatable levels by time:
     D:1: 1836 daAuts
     D:3: 1455 daAuts
     D:2: 975 daAuts
     D:4: 300 daAuts
     D:6: 30 daAuts
